 Dungeon Crawl Stone Soup version 0.28.0-53-g5a82cb258f (webtiles) character file.

Game seed: 13506308562427032292

1346 Godmorgon the Basher (level 8, -3/106 HPs)
             Began as a Minotaur Fighter on Aug 15, 2022.
             Was a Believer of Okawaru.
             Succumbed to a hornet's poison
             ... on level 6 of the Dungeon.
             The game lasted 00:17:23 (5143 turns).

Godmorgon the Basher (Minotaur Fighter)             Turns: 5143, Time: 00:17:24

Health: -3/106     AC: 13    Str: 23    XL:     8   Next: 36%
Magic:  5/7        EV: 11    Int:  5    God:    Okawaru [**....]
Gold:   318        SH:  5    Dex: 10    Spells: 7/7 levels left

rFire   . . .      SeeInvis +   a - +0 flail
rCold   + . .      Faith    .   c - +0 buckler
rNeg    . . .      Spirit   .   b - +0 scale mail
rPois   .          Reflect  .   (helmet restricted)
rElec   .          Harm     .   (no cloak)
rCorr   .          Rampage  .   v - +0 pair of gloves
Will    .....                   n - +0 pair of boots
Stlth   ..........              (no amulet)
HPRegen 0.27/turn               A - ring of protection from cold
MPRegen 0.10/turn               (no ring)

@: mighty, berserking, lethally poisoned (-3 -> -15), heroic, slowed
A: horns 2, retaliatory headbutt, talons 1, iridescent scales 1, see invisible,
MP-powered wands
a: Renounce Religion, Heroism


You were on level 6 of the Dungeon.
You worshipped Okawaru.
Okawaru was pleased with you.
You visited 2 branches of the dungeon, and saw 7 of its levels.

You collected 318 gold pieces.

Inventory:

Hand Weapons
 a - a +0 flail (weapon)
Missiles
 f - a throwing net (quivered)
 s - 3 boomerangs
Armour
 b - a +0 scale mail (worn)
 c - a +0 buckler (worn)
 n - a +0 pair of boots (worn)
 u - an orb of light
 v - a +0 pair of gloves (worn)
Jewellery
 A - a ring of protection from cold (left hand)
Wands
 D - a wand of iceblast (11)
Scrolls
 i - a scroll of blinking {unknown}
 l - 3 scrolls of amnesia {unknown}
 p - a scroll of vulnerability {unknown}
 q - 2 scrolls of teleportation {unknown}
 r - 4 scrolls of identify {unknown}
 y - 2 scrolls of immolation {unknown}
 z - a scroll of magic mapping {unknown}
 C - a scroll of summoning {unknown}
 E - 3 scrolls of noise {unknown}
Potions
 j - a potion of magic {unknown}
 k - 2 potions of haste {unknown}
 m - 2 potions of lignification
 o - 3 potions of mutation
 t - a potion of heal wounds {unknown}
 w - a potion of flight {unknown}
 B - 2 potions of invisibility {unknown}


   Skills:
 + Level 6.8(11.8) Fighting
 * Level 8.3(13.3) Maces & Flails
 - Level 6.0(11.0) Throwing
 - Level 3.6(8.6) Armour
 - Level 3.6(8.6) Shields


You had 7 spell levels left.
You didn't know any spells.
Your spell library was empty.

Dungeon Overview and Level Annotations

Branches:
Dungeon (6/15)             Temple (1/1) D:4

Altars:
Ashenzari
Cheibriados
Dithmenos
Elyvilon
Fedhas
Gozag
Hepliaklqana
Kikubaaqudgha
Nemelex Xobeh
Okawaru
Qazlal
Ru
Sif Muna
Trog
Uskayaw
Vehumet
Wu Jian
Xom
Yredelemnul
Zin
The Shining One

Annotations:
D:5 3 runed translucent doors, Renzlar's ghost, novice GnFi


Innate Abilities, Weirdness & Mutations

You have a pair of horns on your head.
You reflexively headbutt those who attack you in melee.
You have sharp toenails.
You are partially covered in iridescent scales. (AC +2)
You have supernaturally acute eyesight. (SInv)
You expend magic power (3 MP) to strengthen your wands.


Message History

Throw: dart (poison)
Press: ? - help, Q - select action, (/) - cycle Shift-Dir - straight line, f/p - hornet
Aim: a hornet (heavily wounded, 50% to hit)
You throw a poisoned dart.
The poisoned dart closely misses the hornet.
You feel very sick.
The hornet stings you but does no damage.
The hornet stings you!
* * * LOW HITPOINT WARNING * * *
You feel as though you will be slow longer.
You feel very mighty all of a sudden.
* * * LOW HITPOINT WARNING * * *
You feel very sick.
The hornet stings you but does no damage.
The hornet stings you.
* * * LOW HITPOINT WARNING * * *
You feel as though you will be slow longer.
It was a potion of curing.
You feel better.
The hornet stings you but does no damage.
The hornet stings you!
* * * LOW HITPOINT WARNING * * *
You are lethally poisoned!
You feel as though you will be slow longer.
You feel better. You block the hornet's attack. The hornet misses you.
There are no items here.
You gain the combat prowess of a mighty hero.
The hornet stings you!
* * * LOW HITPOINT WARNING * * *
You are lethally poisoned!
You feel as though you will be slow longer.
The hornet stings you.
* * * LOW HITPOINT WARNING * * *
You feel as though you will be slow longer.
The hornet stings you.
* * * LOW HITPOINT WARNING * * *
You feel as though you will be slow longer.
It was a potion of berserk rage.
A red film seems to cover your vision as you go berserk!
You feel yourself moving faster!
You feel mighty!
You die...

.. ... ...# #....
#..(.. #......
##$...... ##@y.....(
.. #..#.(...: #..
#...##...# #...
#....##### #...#
##.....####.. .....#
##....#......#
##...####......###..
##...............##
#........######...#


You could see a hornet.

Vanquished Creatures
  A shadow (D:6)
  Sigmund (D:5)
  An orc warrior (D:5)
  A sky beast (D:6)
  A necrophage (D:5)
  2 ogres
  A centaur (D:5)
  A scorpion (D:6)
  A water moccasin skeleton (D:4)
  A bullfrog zombie (D:6)
  An orc priest (D:5)
  Ijyb (D:5)
  An iguana (D:5)
  3 orc wizards
  4 gnolls
  7 adders
  A shadow imp (D:6)
  A white imp (D:5)
  An ufetubus (D:5)
  A worm (D:2)
  4 dart slugs
  5 orcs
  5 ball pythons
  8 endoplasms
  A giant cockroach (D:2)
  7 goblins
  5 hobgoblins
  6 jackals
  2 quokkas
  9 bats
  8 frilled lizards
  4 kobolds
  7 rats
103 creatures vanquished.

Notes
Turn   | Place    | Note
-------+----------+-------------------------------------------
     0 | D:1      | Godmorgon the Minotaur Fighter began the quest for the Orb.
     0 | D:1      | Reached XP level 1. HP: 19/19 MP: 0/0
   154 | D:1      | Reached skill level 3 in Maces & Flails
   158 | D:1      | Reached XP level 2. HP: 27/27 MP: 1/1
   476 | D:1      | Reached skill level 1 in Throwing
   697 | D:1      | Reached XP level 3. HP: 32/33 MP: 2/2
  1490 | D:2      | Found an ancient bone altar of Kikubaaqudgha.
  1593 | D:2      | Found a faded altar of an unknown god.
  1923 | D:3      | Reached skill level 4 in Maces & Flails
  1923 | D:3      | Reached XP level 4. HP: 39/40 MP: 3/3
  2505 | D:4      | Found a staircase to the Ecumenical Temple.
  2516 | Temple   | Entered the Ecumenical Temple
  2616 | Temple   | Became a worshipper of Warmaster Okawaru
  2869 | D:4      | Reached XP level 5. HP: 40/47 MP: 4/4
  3312 | D:4      | Noticed an ogre
  3344 | D:4      | Killed an ogre
  3345 | D:4      | Reached skill level 5 in Fighting
  3345 | D:4      | Reached skill level 5 in Maces & Flails
  3345 | D:4      | Reached XP level 6. HP: 56/56 MP: 5/5
  3819 | D:5      | Entered Level 5 of the Dungeon
  3837 | D:5      | Reached * piety under Okawaru
  3962 | D:5      | Reached skill level 6 in Maces & Flails
  3964 | D:5      | Reached XP level 7. HP: 54/61 MP: 6/6
  4049 | D:5      | Noticed Sigmund
  4060 | D:5      | Killed Sigmund
  4284 | D:5      | Reached skill level 5 in Throwing
  4309 | D:5      | Reached skill level 7 in Maces & Flails
  4427 | D:5      | Noticed Ijyb
  4434 | D:5      | Killed Ijyb
  4573 | D:5      | Found a runed translucent gate.
  4573 | D:5      | Found a runed translucent gate.
  4573 | D:5      | Found a runed translucent gate.
  4576 | D:5      | Noticed Renzlar's ghost (novice GnFi)
  4634 | D:5      | Gained mutation: You have supernaturally acute eyesight.
                  | (SInv) [potion of mutation]
  4634 | D:5      | Gained mutation: You have sharp toenails. [potion of
                  | mutation]
  4634 | D:5      | Gained mutation: You expend magic power (3 MP) to
                  | strengthen your wands. [potion of mutation]
  4634 | D:5      | Gained mutation: You are partially covered in iridescent
                  | scales. (AC +2) [potion of mutation]
  4651 | D:5      | Reached ** piety under Okawaru
  5009 | D:6      | Reached XP level 8. HP: 70/70 MP: 7/7
  5017 | D:6      | Noticed a hornet
  5055 | D:6      | Reached skill level 8 in Maces & Flails
  5142 | D:6      | HP: 1/71 [hornet (6)]
  5143 | D:6      | Succumbed to a hornet's poison

Illustrated notes

Levels and vault maps discovered:
D:1:      minmay_arrival_four_loops, layout_basic
D:2:      layout_basic, basic_altar, hellmonk_ecumenical_altar_heavens_door
D:3:      layout_basic, chequers_garden
D:4:      layout_loops_ring, minmay_temple_entry_offerings, st_stairs_14
D:5:      layout_loops_cross, gammafunk_ghost_necromancy, uniq_ijyb,
          uniq_sigmund
D:6:      layout_layer_cave, mainiacjoe_overflow_tiny_flanked,
          minmay_manual_moon
Temple:   kilobyte_greek_temple

Skill      XL: |  1  2  3  4  5  6  7  8 |
---------------+-------------------------+-----
Maces & Flails | 3 4 5 6 7 8 |  8.3
Fighting       | 4 5 6 |  6.8
Throwing       | 1 2 3 4 5 6 |  6.0
Armour         | |  3.6
Shields        | |  3.6

Action                   |  1- 3 |  4- 6 |  7- 9 || total
-------------------------+-------+-------+-------++-------
Melee: Flail             |   105 |    86 |    75 ||   266
       Headbutt          |     3 |    14 |     9 ||    26
Throw: Dart              |       |     9 |     7 ||    16
       Boomerang         |       |     1 |       ||     1
Invok: Heroism           |       |       |     6 ||     6
Evoke: Wand              |       |       |     5 ||     5
  Use: Potion            |       |       |     6 ||     6
Armor: Scale mail        |    59 |    54 |    31 ||   144
       Skin              |       |       |    14 ||    14
Dodge: Dodged            |    70 |    58 |    30 ||   158
Block: Buckler           |    23 |    18 |    16 ||    57
